 Dungeon Crawl Stone Soup version 0.29-a0-284-gf9362112df (webtiles) character file.

Game seed: 14168702053082824735

20093 cojito the Fighter (level 12, -12/104 HPs)
             Began as a Palentonga Hunter on Mar 31, 2022.
             Was an Elder of Okawaru.
             Mangled by Snorg (13 damage)
             ... on level 4 of the Lair of Beasts.
             The game lasted 00:43:39 (23331 turns).

cojito the Fighter (Palentonga Hunter)             Turns: 23331, Time: 00:43:39

Health: -12/104    AC: 27    Str: 23    XL:     12   Next: 42%
Magic:  27/27      EV: 10    Int: 14    God:    Okawaru [****..]
Gold:   773        SH:  0    Dex: 16    Spells: 16/19 levels left

rFire   + . .      SeeInvis +   F - +0 arbalest (vorpal)
rCold   + . .      Faith    .   (shield currently unavailable)
rNeg    + . .      Spirit   .   D - +3 leather armour of Usiabir {rElec rF+ rC+ Int+2}
rPois   +          Reflect  .   i - +2 hat {Int+3}
rElec   +          Harm     .   w - +2 ratskin cloak {*Rats rPois rN+ Str-1 Int-1 Dex+1}
rCorr   .          Rampage  .   e - +0 pair of gloves
Will    .....                   h - +1 barding
Stlth   +.........              n - amulet of regeneration
HPRegen 1.07/turn               m - +6 ring of strength
MPRegen 0.20/turn               y - ring of magical power

@: invisible, curled up
A: large, rugged brown scales 3, see invisible, deformed body, roll 1, armoured
tail, reflexive curl
a: Rolling Charge, Renounce Religion, Heroism, Finesse


You were on level 4 of the Lair of Beasts.
You worshipped Okawaru.
Okawaru was greatly pleased with you.
You visited 3 branches of the dungeon, and saw 15 of its levels.

You collected 773 gold pieces.

Inventory:

Hand Weapons
 a - a +2 hand crossbow of freezing
 b - a +2 spear of flaming
 F - a +0 vorpal arbalest (weapon)
Armour
 e - a +0 pair of gloves (worn)
 h - a +1 barding (worn)
 i - a +2 hat of intelligence (worn)
 o - a +1 cloak
 w - the +2 ratskin cloak (worn) {*Rats rPois rN+ Str-1 Int-1 Dex+1}
   (You found it on level 5 of the Dungeon)

   When the wearer is hurt, rats may emerge from it to assist them.
   Str:       It affects your strength (-1).
   Int:       It affects your intelligence (-1).
   Dex:       It affects your dexterity (+1).
   rPois:     It protects you from poison.
   rN:        It protects you from negative energy.
 z - a +0 buckler
 A - +0 acid dragon scales
 D - the +3 leather armour of Usiabir (worn) {rElec rF+ rC+ Int+2}
   (You found it on level 3 of the Lair of Beasts)

   Int:       It affects your intelligence (+2).
   rF:        It protects you from fire.
   rC:        It protects you from cold.
   rElec:     It insulates you from electricity.
 G - the +1 leather armour of Free Will {Regen+ Int+6 Dex+6}
   (You found it on level 4 of the Lair of Beasts)

   Int:       It affects your intelligence (+6).
   Dex:       It affects your dexterity (+6).
   Regen:     It increases your rate of health regeneration.
Jewellery
 m - a +6 ring of strength (left hand)
 n - an amulet of regeneration (around neck)
 p - an amulet of the acrobat
 x - an amulet of reflection
 y - a ring of magical power (right hand)
Wands
 d - a wand of flame (70)
 g - a wand of iceblast (1)
Scrolls
 c - 3 scrolls of immolation
 k - 3 scrolls of amnesia
 r - a scroll of fog
Potions
 j - 4 potions of mutation
 l - 2 potions of magic
 s - 3 potions of flight
 t - 4 potions of might
 u - 5 potions of curing
 v - 5 potions of attraction
 C - 3 potions of brilliance
 E - a potion of haste {unknown}


   Skills:
 * Level 10.4 Fighting
 * Level 9.2 Crossbows
 + Level 5.7 Armour
 + Level 6.0 Dodging
 - Level 0.5 Stealth
 - Level 2.7 Shields
 - Level 4.0 Spellcasting
 - Level 7.0 Hexes
 - Level 7.1 Translocations
 * Level 1.0 Invocations


You had 16 spell levels left.
You knew the following spells:

 Your Spells              Type           Power      Damage    Failure   Level
a - Portal Projectile     Hex/Tloc       44%        N/A       3%          3

Your spell library contained the following spells:

 Spells                   Type           Power      Damage    Failure   Level
 Confusing Touch          Hex            22%        N/A       3%          3
 Magic Dart               Conj           8%         1d3       22%         1
 Searing Ray              Conj           4%         2d4       32%         2
 Static Discharge         Conj/Air       2%         N/A       32%         2
 Anguish                  Hex/Necr       6%         N/A       45%         4
 Fulminant Prism          Conj/Hex       6%         3d7       45%         4
 Leda's Liquefaction      Hex/Erth       6%         N/A       45%         4
 Yara's Violent Unravell  Hex/Tmut       6%         3d5       80%         5
 Dispel Undead            Necr           2%         3d7       91%         4
 Sticky Flame             Conj/Fire      2%         2d3       91%         4
 Conjure Ball Lightning   Conj/Air       1%         3x3d6     100%        6
 Enfeeble                 Hex            11%        N/A       100%        7
 Discord                  Hex            11%        N/A       100%        8
 Disjunction              Tloc           11%        N/A       100%        8
 Tukima's Dance           Hex            Unusable   N/A       N/A         3
 Call Canine Familiar     Summ           Unusable   N/A       N/A         3

Dungeon Overview and Level Annotations

Branches:
Dungeon (10/15)            Temple (1/1) D:6            Lair (4/6) D:10
  Swamp (0/4) Lair:2       Spider (0/4) Lair:2          Orc (0/2) D:9

Altars:
Ashenzari
Cheibriados
Dithmenos
Elyvilon
Fedhas
Gozag
Hepliaklqana
Kikubaaqudgha
Makhleb
Nemelex Xobeh
Okawaru
Qazlal
Ru
Sif Muna
Trog
Uskayaw
Vehumet
Wu Jian
Xom
Yredelemnul
Zin
The Shining One

Shops:
D:7 *

Annotations:
D:2 1 runed translucent door, Crazy Yiuf
D:3 1 runed translucent door, Rappanathuk's ghost, amateur TrFi
Lair:4 Snorg


Innate Abilities, Weirdness & Mutations

You are completely covered in rugged brown scales. (AC +3, +7% HP)
You have supernaturally acute eyesight. (SInv)
Armour fits poorly on your strangely shaped body.
You can roll at nearby foes to attack.
You have a long armoured tail.
You curl defensively after being hit. (AC +7*)


Message History

The cane toad stings you.
You have turned to stone.
The cane toad stings you but does no damage. x2
Snorg bites you but does no damage. Snorg claws you but does no damage. x2
The cane toad stings you but does no damage.
Snorg bites you but does no damage. Snorg claws you but does no damage. x2
The cane toad stings you but does no damage.
Snorg bites you but does no damage. Snorg claws you but does no damage. x2
The cane toad stings you! Snorg bites you. Snorg claws you.
Snorg claws you but does no damage.
The cane toad stings you but does no damage.
Snorg bites you but does no damage. Snorg claws you.
Snorg claws you but does no damage.
The cane toad stings you but does no damage.
The cane toad stings you but does no damage.
Snorg goes berserk!
The cane toad stings you but does no damage.
Snorg bites you but does no damage. Snorg claws you! x2
Snorg bites you but does no damage. Snorg claws you!
Snorg claws you but does no damage.
The cane toad stings you but does no damage.
Snorg bites you!! Snorg claws you but does no damage. x2
The cane toad stings you but does no damage.
Snorg bites you! Snorg claws you but does no damage. x2
The cane toad stings you but does no damage.
Snorg bites you but does no damage. Snorg claws you but does no damage. x2
You turn to flesh and can move again.
Unknown command.
Unknown command.
Unknown command.
Okay, then.
Okay, then.
You fade into invisibility!
Snorg bites you!! Snorg claws you!
* * * LOW HITPOINT WARNING * * *
Snorg closely misses you. The cane toad closely misses you.
Okay, then.
Snorg bites you!!
* * * LOW HITPOINT WARNING * * *
Snorg claws you!
You die...

## ##......# ...### #. ##
##....## ..### ## ####.#
##...# ### # ..P.^##
##...### #
##.......####P.....# ##
#...........P.[..### #.
#................## # .
##
#<................#P#....
#..........#.@...........
##.......#####TF.........
#.#..## #.#...####.... #.
## #....# ..# ## #....#
.P #....## . #....#.
..>..#### ......


You could see Snorg (berserk, can't see you) and a cane toad (can't see you).

Vanquished Creatures
  3 hydras
  A two-headed ogre (D:10)
  An oklob plant (D:10)
  Maggie (D:6)
  10 cane toads
  A komodo dragon (Lair:2)
  A rime drake (Lair:3)
  A polar bear (Lair:3)
  5 blink frogs (Lair:3)
  A jumping spider (Lair:2)
  36 yaks
  A wyvern (Lair:1)
  2 basilisks
  A steam dragon (D:8)
  6 wargs
  8 water moccasins
  An acid dragon (D:10)
  An ice beast (D:6)
  A sky beast (D:5)
  5 orc warriors
  3 centaurs
  An ogre (D:9)
  7 wolves
  A lemure (D:8)
  2 kobold brigands
  A phantom (D:3)
  11 bullfrogs
  A gnoll sergeant (D:6)
  3 scorpions
  3 wyvern zombies (D:6)
  8 wights
  A howler monkey (D:6)
  3 bullfrog zombies (D:6)
  A centaur zombie (D:6)
  6 orc priests
  A human zombie (D:6)
  5 jellies
  A gnoll shaman (D:5)
  3 iguanas
  12 orc wizards
  6 hell rats
  A mummy (D:6)
  13 gnolls
  5 adders
  18 river rats
  2 white imps
  An ufetubus (D:5)
  3 worms
  A dart slug (D:2)
  31 orcs
  2 bats
  7 endoplasms
  5 giant cockroaches
  12 goblins
  10 hobgoblins
  3 jackals (D:1)
  17 kobolds
  5 quokkas
  7 ball pythons
  4 frilled lizards
  7 rats
321 creatures vanquished.

Vanquished Creatures (collateral kills)
  A hornet zombie (D:6)
  A wight (D:9)
  A howler monkey zombie (D:6)
  An orc (D:8)
4 creatures vanquished.

Vanquished Creatures (others)
  An orc wizard (D:9)
  21 fungi
  19 plants
41 creatures vanquished.

Grand Total: 366 creatures vanquished

Notes
Turn   | Place    | Note
-------+----------+-------------------------------------------
     0 | D:1      | cojito the Palentonga Hunter began the quest for the Orb.
     0 | D:1      | Reached XP level 1. HP: 17/17 MP: 1/1
   265 | D:1      | Reached XP level 2. HP: 22/24 MP: 2/2
   548 | D:1      | Reached XP level 3. HP: 29/29 MP: 3/3
   549 | D:1      | Found a faded altar of an unknown god.
  1169 | D:2      | Reached skill level 3 in Fighting
  1290 | D:2      | Found a runed translucent door.
  1291 | D:2      | Noticed Crazy Yiuf
  1632 | D:3      | Noticed a wight
  1632 | D:3      | Found a runed translucent door.
  1683 | D:2      | Reached XP level 4. HP: 23/37 MP: 4/4
  2079 | D:3      | Learned a level 3 spell: Portal Projectile
  2413 | D:3      | Reached skill level 1 in Armour
  2490 | D:3      | Noticed Rappanathuk's ghost (amateur TrFi)
  2533 | D:4      | Noticed a phantom
  2739 | D:3      | Killed a phantom
  2740 | D:3      | Reached XP level 5. HP: 5/43 MP: 4/6
  3492 | D:4      | Reached skill level 1 in Hexes
  3509 | D:4      | Reached skill level 1 in Translocations
  3541 | D:4      | Reached skill level 1 in Spellcasting
  3724 | D:4      | Reached XP level 6. HP: 51/51 MP: 7/7
  3996 | D:4      | Reached skill level 4 in Fighting
  4410 | D:5      | Entered Level 5 of the Dungeon
  5082 | D:5      | Noticed a sky beast
  5088 | D:5      | Killed a sky beast
  5089 | D:5      | Gained mutation: You curl defensively after being hit. (AC
                  | +7*) [Palentonga growth]
  5089 | D:5      | Reached XP level 7. HP: 51/58 MP: 9/9
  5234 | D:5      | Found a bloodstained altar of Trog.
  5735 | D:5      | Found the +2 ratskin cloak {*Rats rPois rN+ Str-1 Int-1
                  | Dex+1}
  6139 | D:5      | Identified the +1 ring mail of Salvation {rN+ Str+4}
  6697 | D:6      | Reached skill level 5 in Crossbows
  6802 | D:6      | Noticed Maggie
  6822 | D:6      | Killed Maggie
  6823 | D:6      | Reached skill level 5 in Fighting
  6823 | D:6      | Reached XP level 8. HP: 40/66 MP: 10/12
  7766 | D:6      | Found a basalt altar of Yredelemnul.
  8121 | D:6      | Reached skill level 6 in Fighting
  8301 | D:6      | Reached XP level 9. HP: 69/73 MP: 13/13
  8419 | D:6      | Found a staircase to the Ecumenical Temple.
  8442 | Temple   | Entered the Ecumenical Temple
  8925 | D:6      | Found a radiant altar of Vehumet.
  9213 | D:7      | Noticed a +0 short sword
  9213 | D:7      | Noticed a +0 spear
  9213 | D:7      | Noticed a +0 dagger
  9213 | D:7      | Noticed a +0 spear
  9214 | D:7      | Noticed a +0 dagger
  9214 | D:7      | Noticed a +0 falchion
  9214 | D:7      | Noticed a +0 falchion
  9215 | D:7      | Noticed a +0 short sword
  9229 | D:7      | Found a hide-covered altar of Uskayaw.
  9241 | D:7      | Found Dyptac's Desiderata Depot.
  9266 | D:7      | Found a sparkling altar of Nemelex Xobeh.
 10242 | D:8      | Noticed a four-headed hydra
 10242 | D:8      | Found a shimmering altar of Xom.
 10638 | D:8      | Noticed Pikel
 10640 | D:8      | Noticed Pikel
 10640 | D:8      | Pikel changed into Pikel the water moccasin
 10646 | D:8      | Killed Pikel the water moccasin
 11050 | D:8      | Noticed Erica
 11065 | D:8      | Noticed Erica
 11065 | D:8      | Erica changed into Erica the yak
 11086 | D:8      | Killed Erica the yak
 11431 | D:8      | Reached skill level 7 in Fighting
 11645 | D:8      | Found a white marble altar of Elyvilon.
 12061 | D:8      | Killed a four-headed hydra
 12062 | D:8      | Reached XP level 10. HP: 47/84 MP: 10/16
 12562 | D:8      | Reached skill level 1 in Shields
 12776 | D:9      | Reached skill level 5 in Hexes
 13028 | D:9      | Found a staircase to the Orcish Mines.
 13226 | D:9      | Noticed Maurice
 13653 | D:9      | Found an iron altar of Okawaru.
 13659 | D:9      | Found a shadowy altar of Dithmenos.
 13665 | D:9      | Became a worshipper of Warmaster Okawaru
 13896 | D:9      | Reached skill level 5 in Translocations
 14131 | D:9      | Noticed Maurice
 14131 | D:9      | Maurice changed into Maurice the ogre
 14142 | D:9      | Killed Maurice the ogre
 14206 | D:9      | Found a faded altar of an unknown god.
 14206 | D:9      | Found a snail-covered altar of Cheibriados.
 14245 | D:9      | Noticed a boulder beetle
 14497 | D:9      | Found a faded altar of an unknown god.
 14499 | D:9      | Found a shimmering blue altar of Sif Muna.
 14501 | D:9      | Found a burning altar of Makhleb.
 14634 | D:9      | Reached * piety under Okawaru
 15344 | D:10     | Entered Level 10 of the Dungeon
 15448 | D:10     | Noticed a two-headed ogre
 15455 | D:10     | Killed a two-headed ogre
 15456 | D:10     | Reached skill level 8 in Fighting
 15982 | D:10     | Reached ** piety under Okawaru
 15983 | D:10     | Reached XP level 11. HP: 43/92 MP: 17/17
 16333 | D:10     | Found a staircase to the Lair.
 16334 | D:10     | Noticed an oklob plant
 17374 | D:10     | Reached skill level 5 in Dodging
 17579 | D:10     | Killed an oklob plant
 17639 | Lair:1   | Entered Level 1 of the Lair of Beasts
 18038 | Lair:1   | Reached *** piety under Okawaru
 18213 | Lair:1   | Reached skill level 9 in Fighting
 18836 | Lair:1   | Received a gift from Okawaru
 19326 | Lair:2   | Reached skill level 5 in Armour
 19716 | Lair:2   | Noticed a seven-headed hydra
 19722 | Lair:2   | Killed a seven-headed hydra
 19729 | Lair:2   | Reached **** piety under Okawaru
 20605 | Lair:2   | Received a gift from Okawaru
 20620 | Lair:2   | Found a hole to the Spider Nest.
 20882 | Lair:2   | Noticed a boulder beetle
 20953 | Lair:2   | Reached XP level 12. HP: 41/103 MP: 6/18
 21594 | Lair:2   | Found a staircase to the Swamp.
 21681 | Lair:1   | Identified 2 scrolls of acquirement
 21681 | Lair:1   | Acquired a +2 hat of intelligence
 21690 | Lair:1   | Acquired an amulet of regeneration
 22191 | Lair:3   | Identified the +3 leather armour of Usiabir {rElec rF+ rC+
                  | Int+2}
 22274 | Lair:3   | Reached skill level 10 in Fighting
 22314 | Lair:3   | Found a glowing golden altar of the Shining One.
 22732 | Lair:3   | Noticed a five-headed hydra
 22745 | Lair:3   | Killed a five-headed hydra
 23076 | Lair:3   | Received a gift from Okawaru
 23191 | Lair:3   | Reached skill level 1 in Invocations
 23296 | Lair:4   | Identified the +1 leather armour of Free Will {Regen+ Int+6
                  | Dex+6}
 23311 | Lair:4   | Noticed Snorg
 23331 | Lair:4   | HP: 1/104 [Snorg (22)]
 23331 | Lair:4   | Mangled by Snorg

Illustrated notes

Levels and vault maps discovered:
D:1:      dpeg_arrival_renting, layout_basic,
          shapermc_ecumenical_altar_mp_ritualfount
D:2:      layout_rooms, serial_bayou_lake_a, uniq_crazy_yiuf_cottage
D:3:      layout_basic, ebering_ghost_inner_flame, minmay_misc_feat_enclosed
D:4:      layout_layer_cave, gup_sewer_entry_spiral
D:5:      wander_guarded_unrand_ratskin, layout_basic,
          mainiacjoe_overflow_paths, kennysheep_small_spiral
D:6:      layout_loops_corners, vehumet_altar_wand_db,
          lemuel_mausoleum_altar_yredelemnul, minmay_temple_entry_statues,
          uniq_maggie
D:7:      layout_gridville, nemelex_xobeh_ov_fountains_minmay,
          nicolae_uskayaw_en_pointe, nicolae_alphabet_shops
D:8:      layout_basic, grunt_temple_overflow_open, nicolae_ossuary_entry_plus,
          uniq_pikel, uniq_erica
D:9:      layout_layer_cave, gammafunk_temple_overflow_statue,
          chequers_temple_overflow_minitemple, erik_orc_4, uniq_maurice
D:10:     layout_basic, dpeg_oklobed_lair, nooodl_orcs_dogs
Temple:   eino_wide_crystal_templ
Lair:1:   layout_gridlike, serial_forest, infiniplex_forest_clump_long,
          infiniplex_forest_straight_4, infiniplex_forest_lined_1,
          infiniplex_forest_clump_long, infiniplex_forest_zigzag_1,
          infiniplex_forest_straight_4
Lair:2:   layout_layer_cave, minmay_swamp_entry_worms, spider_nest_entry_rubble,
          grunt_megastairs_5
Lair:3:   layout_loops_ring, basic_altar
Lair:4:   layout_concentric_octagons, uniq_nessos, uniq_snorg

Skill      XL: |  1  2  3  4  5  6  7  8  9 10 11 12 |
---------------+-------------------------------------+-----
Fighting       | 3 4 5 6 7 8 9 10 | 10.4
Armour         | 1 2 3 4 5 |  5.7
Dodging        | 2 3 4 5 6 |  6.0
Crossbows      | 4 5 6 7 8 9 |  9.2
Hexes          | 1 2 3 4 6 7 |  7.0
Translocations | 1 2 3 4 5 6 7 |  7.1
Spellcasting   | 1 2 3 4 |  4.0
Shields        | 2 |  2.7
Invocations    | 1 |  1.0
Stealth        | |  0.5

Action                   |  1- 3 |  4- 6 |  7- 9 | 10-12 || total
-------------------------+-------+-------+-------+-------++-------
Melee: Dagger            |       |     8 |    13 |       ||    21
       Punch             |       |     1 |       |       ||     1
       Tailslap          |       |       |     4 |     3 ||     7
       Spear             |       |       |       |     4 ||     4
       Arbalest          |       |       |       |     2 ||     2
 Fire: Hand crossbow     |   148 |   201 |   527 |   583 ||  1459
       Arbalest          |       |       |       |   227 ||   227
Throw: Throwing net      |       |     1 |     1 |     1 ||     3
 Cast: Portal Projectile |       |       |     3 |    54 ||    57
Evoke: Wand              |       |       |    21 |    28 ||    49
  Use: Scroll            |     4 |     9 |     8 |     8 ||    29
       Potion            |       |     1 |     6 |     5 ||    12
 Stab: Paralysed         |       |       |    11 |       ||    11
Armor: Leather armour    |    61 |     4 |       |    55 ||   120
       Scale mail        |       |    94 |    39 |   353 ||   486
       Skin              |       |       |    16 |       ||    16
       Acid dragon scale |       |       |   183 |   103 ||   286
Dodge: Dodged            |    36 |    78 |   155 |   328 ||   597
Block: Buckler           |       |       |     4 |    85 ||    89

Table legend: (Time is in decaauts)
 A = Elapsed time spent in this place.
 B = Non-inter-level travel time spent in this place.
 C = Inter-level travel time spent in this place.
 D = Time resting spent in this place.
 E = Time spent auto-exploring this place.
 F = Levels seen in this place.
 G = Mean time per level.
                   A        B        C        D        E       F      G
               +--------+--------+--------+--------+--------+-----+--------+
         Total |  24018 |  23006 |   1012 |   6549 |  11215 |  15 | 1601.2 |
       Dungeon |  18057 |  17283 |    774 |   4726 |   9217 |  10 | 1805.7 |
        Temple |     86 |     80 |      6 |      0 |     72 |   1 |   86.0 |
          Lair |   5874 |   5642 |    232 |   1823 |   1926 |   4 | 1468.5 |
               +--------+--------+--------+--------+--------+-----+--------+

Top non-repeatable levels by time:
     D:6: 2863 daAuts
     D:9: 2839 daAuts
     D:8: 2623 daAuts
     D:5: 2246 daAuts
  Lair:2: 2095 daAuts
  Lair:1: 2093 daAuts
    D:10: 2030 daAuts
     D:3: 1621 daAuts
  Lair:3: 1524 daAuts
     D:4: 1071 daAuts
     D:2: 1046 daAuts
     D:1: 883 daAuts
     D:7: 830 daAuts
  Lair:4: 160 daAuts
  Temple: 86 daAuts
